 Dungeon Crawl Stone Soup version 0.27-a0-604-g29a88b33a7 (webtiles) character file.

Game seed: 9012097765083797068

210 robertstho the Sneak (level 5, -17/49 HPs)
             Began as a Deep Dwarf Delver on Mar 12, 2021.
             Demolished by an ogre
             ... wielding a +0 giant spiked club
              (18 damage)
             ... on level 4 of the Dungeon.
             The game lasted 00:03:26 (2941 turns).

robertstho the Sneak (Deep Dwarf Delver)            Turns: 2941, Time: 00:03:27

Health: -17/49     AC: 11    Str: 16    XL:     5   Next: 57%
Magic:  5/5        EV:  5    Int: 11    God:
Gold:   179        SH:  0    Dex: 14    Spells: 4/4 levels left

rFire    . . .     SeeInvis .   f - +0 great sword
rCold    . . .     Faith    .   (shield currently unavailable)
rNeg     . . .     Spirit   .   m - +0 plate armour
rPois    .         Reflect  .   (no helmet)
rElec    .         Harm     .   (no cloak)
rCorr    .         Rampage  .   (no gloves)
Will     +....                  (no boots)
Stlth    ..........             (no amulet)
HPRegen  0.00/turn              l - ring of willpower
MPRegen  0.09/turn              (no ring)

@: non-regenerating
A: damage resistance, heal wounds, sense surroundings 1, no regeneration
a: Heal Wounds


You were on level 4 of the Dungeon.
You visited 1 branch of the dungeon, and saw 5 of its levels.

You collected 179 gold pieces.

Inventory:

Hand Weapons
 a - a +0 hand axe
 f - a +0 great sword (weapon)
Armour
 m - a +0 plate armour (worn)
Jewellery
 l - a ring of willpower (right hand)
Wands
 g - a wand of digging (3)
Scrolls
 c - a scroll of fog
 d - a scroll of magic mapping
 h - a scroll of teleportation {unknown}
 i - 3 scrolls of fear
 j - a scroll of enchant armour {unknown}
 n - a scroll of enchant weapon
Potions
 b - a potion of cancellation
 e - 2 potions of curing
 k - 2 potions of haste
 o - a potion of magic {unknown}


   Skills:
 * Level 3.6 Fighting
 + Level 2.4 Long Blades
 + Level 2.3 Axes
 * Level 3.1 Armour
 + Level 2.2 Dodging
 + Level 6.7 Stealth


You had 4 spell levels left.
You didn't know any spells.
Your spell library was empty.

Dungeon Overview and Level Annotations

Branches:
Dungeon (5/15)
 Temple: D:4-7

Altars:
Elyvilon
Qazlal
Ru
Xom


Innate Abilities, Weirdness & Mutations

You are resistant to damage.
You can heal yourself by infusing magical energy.
You passively map a small area around you.
You do not regenerate.


Message History

The iguana is heavily wounded.
The iguana bites you.
You hit the iguana.
The iguana is almost dead.
The iguana bites you but does no damage. x2
You hit the iguana.
You kill the iguana!
Your Armour skill increases to level 3!
No target in view!
An ogre comes into view. It is wielding a +0 giant spiked club.
The ogre shouts!
You see here 8 gold pieces.
An ogre is nearby!
An ogre is nearby!
An ogre is nearby!
You now have 179 gold pieces (gained 8).
You hit the ogre.
The ogre is lightly wounded.
The ogre hits you with a +0 giant spiked club!!
Ouch! That really hurt!
* * * LOW HITPOINT WARNING * * *
You are too injured to fight recklessly!
You are too injured to fight recklessly!
You are too injured to fight recklessly!
You are too injured to fight recklessly!
You are too injured to fight recklessly!
You are too injured to fight recklessly!
You are too injured to fight recklessly!
You are too injured to fight recklessly!
You are too injured to fight recklessly!
You are too injured to fight recklessly!
You are too injured to fight recklessly!
You are too injured to fight recklessly!
You are too injured to fight recklessly!
You are too injured to fight recklessly!
You are too injured to fight recklessly!
You are too injured to fight recklessly!
You fail to use your ability.
The ogre hits you with a +0 giant spiked club!!
You die...

..##* *,* *,,,,,,,*
*,* ..+,*
*,*****+*+******,**
..#+####
*,,,,,,,*,,,,,,,,,*
#......#
*********,******,,*
#......#
*,,,,*,******,,*
.......#
##*,*,,*,*,,,,,,,*
.......#
#.,,*,,,,,,,,,,,,*
.....###
#.######..#******* *
.....#
#..@O......,,,,,* *
.....#
#..########****,****
#.#+#### #......#
****,,,,, ...†...#
##.###.# *,,,,,,,,
.##†##.# #.# *,*
*,*,*,*** .#≈≈≈#.#
#.# *,*****,*,,,,,,
.#≈≈≈#.# #.#
*,,,,,,,***,***
.#≈.≈#.# #.#
********* *,***
.#≈≈≈#.# #.#####
*,,,,


You could see an ogre.

Vanquished Creatures
  A scorpion (D:4)
  An iguana (D:4)
  6 adders
  3 oozes
  A worm (D:3)
  5 leopard geckos
  5 orcs (D:4)
  2 ball pythons
  4 giant cockroaches
  6 goblins
  A hobgoblin (D:3)
  2 jackals (D:2)
  3 kobolds
  4 quokkas
  5 bats
  A frilled lizard (D:3)
  A leopard gecko skeleton (D:3)
  6 rats
57 creatures vanquished.

Notes
Turn   | Place    | Note
-------+----------+-------------------------------------------
     0 | D:5      | robertstho the Deep Dwarf Delver began the quest for the
                  | Orb.
     0 | D:5      | Reached XP level 1. HP: 20/20 MP: 1/1
    58 | D:5      | Noticed an orc priest
    58 | D:5      | Noticed an orc wizard
    60 | D:5      | Noticed a howler monkey
    85 | D:4      | Noticed a scorpion
   204 | D:3      | Reached XP level 2. HP: 16/27 MP: 2/2
   319 | D:2      | Found a shimmering altar of Xom.
   374 | D:2      | Reached skill level 1 in Armour
   374 | D:2      | Reached XP level 3. HP: 30/33 MP: 3/3
   457 | D:2      | Found a stormy altar of Qazlal.
   464 | D:2      | Reached skill level 1 in Long Blades
   600 | D:2      | Reached XP level 4. HP: 30/42 MP: 4/4
   795 | D:2      | Found a sacrificial altar of Ru.
  2375 | D:3      | Found a white marble altar of Elyvilon.
  2828 | D:4      | Reached XP level 5. HP: 47/49 MP: 5/5
  2937 | D:4      | Noticed an ogre
  2940 | D:4      | HP: 1/49 [ogre/+0 giant spiked club (26)]
  2941 | D:4      | Demolished by an ogre

Illustrated notes

Levels and vault maps discovered:
D:1:      lightli_arrival_statue_moat, layout_basic
D:2:      layout_basic, lemuel_crystal_altar, general_overflow_altar,
          brannock_xom_greatest_gift
D:3:      layout_basic, serial_rivers, chequers_serial_rivers_micro_e,
          chequers_serial_rivers_room_a, chequers_serial_rivers_large_b,
          chequers_serial_rivers_micro_d, elyvilon_altar_4
D:4:      layout_basic, gup_sewer_entry_glass
D:5:      layout_gridville, nrook_campfire, uniq_eustachio, uniq_ijyb,
          uniq_prince_ribbit1

Skill      XL: |  1  2  3  4  5 |
---------------+----------------+-----
Armour         | 1 2 3 |  3.1
Fighting       | 3 |  3.6
Long Blades    | 1 2 |  2.4
Axes           | |  2.3
Dodging        | |  2.2
Stealth        | |  6.7

Action                   |  1- 3 |  4- 6 || total
-------------------------+-------+-------++-------
Melee: Hand axe          |     8 |       ||     8
       Great sword       |    71 |   112 ||   183
 Abil: Heal Wounds       |     1 |     1 ||     2
  Use: Potion            |     1 |       ||     1
       Scroll            |     1 |     4 ||     5
 Stab: Sleeping          |     1 |       ||     1
Armor: Chain mail        |    88 |       ||    88
       Leather armour    |     1 |       ||     1
       Plate armour      |     4 |   114 ||   118
Dodge: Dodged            |    56 |    42 ||    98
       Rpst.: Great sword |    24 |    18 ||    42

Table legend: (Time is in decaauts)
 A = Elapsed time spent in this place.
 B = Non-inter-level travel time spent in this place.
 C = Inter-level travel time spent in this place.
 D = Time resting spent in this place.
 E = Time spent auto-exploring this place.
 F = Levels seen in this place.
 G = Mean time per level.
                   A        B        C        D        E       F      G
               +--------+--------+--------+--------+--------+-----+--------+
         Total |   3072 |   2756 |    316 |      0 |   2158 |   5 |  614.4 |
       Dungeon |   3072 |   2756 |    316 |      0 |   2158 |   5 |  614.4 |
               +--------+--------+--------+--------+--------+-----+--------+

Top non-repeatable levels by time:
     D:2: 1300 daAuts
     D:3: 790 daAuts
     D:1: 684 daAuts
     D:4: 210 daAuts
     D:5: 86 daAuts
